 Dungeon Sprint DCSS version 0.20-a0-351-gc9b4002 (console) character file.

7011 Kalmpela the Bludgeoner (level 11, 0/127 HPs)
             Began as an Ogre Hunter on Dec 25, 2016.
             Was a High Priest of Trog.
             Slain by a catoblepas (4 damage)
             ... in the Dungeon (Sprint IX: "|||||||||||||||||||||||||||||").
             The game lasted 00:13:16 (857 turns).

Kalmpela the Bludgeoner (Ogre Hunter)                Turns: 857, Time: 00:13:17

Health: 0/127      AC:  5    Str: 21    XL:     11   Next: 8%
Magic:  10/11      EV:  1    Int: 15    God:    Trog [*****.]
Gold:   0          SH:  0    Dex:  9    Spells: 10/10 levels left

rFire  . . .     SeeInvis .     h - +2 dire flail (protect)
rCold  . . .     Gourm    .     e - +0 troll leather armour
rNeg   + + +     Faith    .     (shield currently unavailable)
rPois  ∞         Spirit   .     (helmet restricted)
rElec  .         Reflect  .     (no cloak)
rCorr  .         Harm     .     (gloves unavailable)
MR     +....     NoTele   +     (boots unavailable)
Stlth  +.........               (no amulet)
                                p - +3 ring of intelligence
                                o - +2 ring of evasion

@: petrified, very slightly contaminated
A: unfitting armour, tough skin 1
a: Berserk, Trog's Hand, Brothers in Arms, Burn Spellbooks, Renounce Religion


You were in the Dungeon.
You worshipped Trog.
Trog was extremely pleased with you.
You were not hungry.

You visited 1 branch

Inventory:

Hand Weapons
 a - a +0 short sword
 h - a +2 dire flail of protection (weapon)
 y - a +3 antimagic morningstar
Missiles
 c - 8 silver javelins
 d - a throwing net
 f - 7 javelins of penetration (quivered)
 r - 5 large rocks
Armour
 b - a +0 robe
 e - a +0 troll leather armour (worn)
 q - a +0 pair of gloves
Jewellery
 o - a +2 ring of evasion (left hand)
 p - a +3 ring of intelligence (right hand)
Wands
 m - a wand of iceblast (3/15)
Scrolls
 k - a scroll of blinking
 l - 3 scrolls of remove curse
 n - 2 scrolls of amnesia
 u - 4 scrolls of identify
 w - a scroll of fog
 x - 2 scrolls of enchant weapon
Potions
 g - 5 potions of heal wounds
 i - 4 potions of magic
 j - 4 potions of curing
 s - 2 potions of brilliance
 t - 2 potions of might
Comestibles
 v - a slice of pizza
 z - 5 chunks of flesh


   Skills:
 - Level 13.0 Fighting
 + Level 18.1 Maces & Flails
 - Level 12.4 Throwing
 - Level 1.9 Dodging
 - Level 0.6 Stealth


You had 10 spell levels left.
You didn't know any spells.

Dungeon Overview and Level Annotations

Branches:
Dungeon (1/1)

Altars:
Cheibriados
Dithmenos
Elyvilon
Fedhas
Gozag
Hepliaklqana
Kikubaaqudgha
Makhleb
Nemelex Xobeh
Okawaru
Qazlal
Ru
Sif Muna
Trog
Uskayaw
Vehumet
Xom
Yredelemnul
Zin
The Shining One
Beogh
Jiyva
Lugonu


Innate Abilities, Weirdness & Mutations

You are too large for most types of armour.
You have tough skin. (AC +1)


Message History

The blast of calcifying dust hits the catoblepas.
The blast of calcifying dust hits you!
* * * LOW HITPOINT WARNING * * *
The blast of calcifying dust hits your iron troll.
Your iron troll is engulfed in calcifying dust.
The catoblepas gores you!!
* * * LOW HITPOINT WARNING * * *
The catoblepas breathes a plume of calcifying dust at you.
The blast of calcifying dust hits the catoblepas.
The blast of calcifying dust hits you!
* * * LOW HITPOINT WARNING * * *
The blast of calcifying dust hits your iron troll.
Your iron troll is engulfed in calcifying dust.
The catoblepas breathes a plume of calcifying dust at you.
The blast of calcifying dust hits you!
The blast of calcifying dust hits your iron troll.
You are engulfed in calcifying dust.
Your iron troll is engulfed in calcifying dust.
The catoblepas gores you!
You die...

▓_▓.▓Y▓
▓_▓.▓.▓
▓_▓.▓.▓
▓_▓.▓.▓
▓_▓.▓.▓
▓_▓.▓Y▓
▓_▓.▓Y▓
▓_▓.▓Y▓
▓_▓.▓@▓
▓_▓.▓T▓
▓_▓.▓§▓
▓_▓.▓§▓
▓_▓.▓.▓
▓_▓.▓.▓
▓_▓.▓.▓
▓_▓.▓%▓
▓_▓.▓.▓


You could see a death yak, 2 catoblepae and a friendly iron troll (berserk).

Vanquished Creatures
  2 hydras (D)
  2 death yaks (D)
  An elephant (D)
  2 spiny frogs (D)
  A komodo dragon (D)
  A kobold demonologist (D)
  A troll (D)
  2 yaks (D)
  2 basilisks (D)
  4 water moccasins (D)
  A porcupine (D)
  An ice beast (D)
  2 sky beasts (D)
  2 black bears (D)
  A centaur (D)
  3 crocodiles (D)
  3 bullfrogs (D)
  A scorpion (D)
  A crimson imp (D)
  A jelly (D)
  A hound (D)
  A worker ant (D)
  A leopard gecko (D)
  A bat (D)
  A giant cockroach (D)
  A goblin (D)
  A frilled lizard (D)
  A kobold (D)
  2 leopard gecko zombies (D)
44 creatures vanquished.

Vanquished Creatures (others)
  A death yak (D)
1 creature vanquished.

Grand Total: 45 creatures vanquished

Notes
Turn   | Place    | Note
-------+----------+-------------------------------------------
     0 | D        | Kalmpela the Ogre Hunter began the quest for the Orb.
     0 | D        | Reached XP level 1. HP: 22/22 MP: 1/1
     7 | D        | Reached skill level 5 in Throwing
    21 | D        | Noticed a crimson imp
    21 | D        | Noticed a sky beast
    21 | D        | Noticed a scorpion
    21 | D        | Noticed a jelly
    24 | D        | Killed a jelly
    24 | D        | Reached XP level 2. HP: 10/29 MP: 2/2
    24 | D        | Reached XP level 3. HP: 12/36 MP: 3/3
    38 | D        | Reached XP level 4. HP: 12/44 MP: 4/4
    44 | D        | Reached skill level 10 in Throwing
    44 | D        | Reached XP level 5. HP: 42/50 MP: 5/5
    49 | D        | Killed a sky beast
    71 | D        | Found a roughly hewn altar of Beogh.
    71 | D        | Found a snail-covered altar of Cheibriados.
    71 | D        | Found a shadowy altar of Dithmenos.
    71 | D        | Found a white marble altar of Elyvilon.
    71 | D        | Found a blossoming altar of Fedhas.
    71 | D        | Found an opulent altar of Gozag.
    72 | D        | Found a hazy altar of Hepliaklqana.
    73 | D        | Found a viscous altar of Jiyva.
    74 | D        | Found an ancient bone altar of Kikubaaqudgha.
    75 | D        | Found a corrupted altar of Lugonu.
    76 | D        | Found a burning altar of Makhleb.
    77 | D        | Found a sparkling altar of Nemelex Xobeh.
    78 | D        | Found an iron altar of Okawaru.
    79 | D        | Found a stormy altar of Qazlal.
    80 | D        | Found a sacrificial altar of Ru.
    81 | D        | Found a deep blue altar of Sif Muna.
    82 | D        | Found a bloodstained altar of Trog.
    83 | D        | Found a hide-covered altar of Uskayaw.
    88 | D        | Found a radiant altar of Vehumet.
    89 | D        | Found a shimmering altar of Xom.
    90 | D        | Found a basalt altar of Yredelemnul.
    91 | D        | Found a glowing silver altar of Zin.
    92 | D        | Found a glowing golden altar of the Shining One.
    96 | D        | Became a worshipper of Trog the Wrathful
   255 | D        | Noticed a troll
   255 | D        | Noticed a black bear
   312 | D        | Reached XP level 6. HP: 42/59 MP: 6/6
   315 | D        | Reached * piety under Trog
   317 | D        | Killed a black bear
   318 | D        | Killed a troll
   318 | D        | Reached XP level 7. HP: 66/92 MP: 7/7
   363 | D        | Reached ** piety under Trog
   385 | D        | Noticed a kobold demonologist
   387 | D        | Noticed a smoke demon
   393 | D        | Killed a kobold demonologist
   393 | D        | Reached skill level 5 in Maces & Flails
   393 | D        | Reached XP level 8. HP: 102/102 MP: 8/8
   396 | D        | Reached skill level 6 in Maces & Flails
   397 | D        | Reached *** piety under Trog
   400 | D        | Received a gift from Trog
   400 | D        | Reached skill level 7 in Maces & Flails
   407 | D        | Reached skill level 8 in Maces & Flails
   592 | D        | Noticed a seven-headed hydra
   594 | D        | Reached skill level 9 in Maces & Flails
   600 | D        | Killed a seven-headed hydra
   600 | D        | Reached **** piety under Trog
   600 | D        | Reached skill level 11 in Maces & Flails
   600 | D        | Reached XP level 9. HP: 110/110 MP: 9/9
   601 | D        | Noticed a komodo dragon
   603 | D        | Reached skill level 12 in Maces & Flails
   627 | D        | Received a gift from Trog
   627 | D        | Reached ***** piety under Trog
   633 | D        | Reached skill level 13 in Maces & Flails
   641 | D        | Killed a komodo dragon
   722 | D        | Noticed an elephant
   722 | D        | Noticed a four-headed hydra
   722 | D        | Noticed a spiny frog
   727 | D        | Received a gift from Trog
   730 | D        | Reached skill level 14 in Maces & Flails
   733 | D        | Received a gift from Trog
   735 | D        | Noticed a spiny frog
   740 | D        | Killed a four-headed hydra
   740 | D        | Reached skill level 15 in Maces & Flails
   740 | D        | Reached XP level 10. HP: 118/119 MP: 10/10
   742 | D        | Killed a spiny frog
   749 | D        | Killed an elephant
   755 | D        | Reached skill level 16 in Maces & Flails
   763 | D        | Killed a spiny frog
   814 | D        | Noticed a catoblepas
   814 | D        | Noticed a catoblepas
   814 | D        | Noticed a death yak
   814 | D        | Noticed a death yak
   820 | D        | Noticed a death yak
   824 | D        | Killed a death yak
   824 | D        | Received a gift from Trog
   824 | D        | Reached skill level 17 in Maces & Flails
   830 | D        | Noticed a death yak
   837 | D        | Killed a death yak
   837 | D        | Killed a death yak
   837 | D        | Reached skill level 18 in Maces & Flails
   837 | D        | Reached XP level 11. HP: 72/127 MP: 8/11
   855 | D        | HP: 4/127 [catoblepas (10)]
   857 | D        | Slain by a catoblepas

Vault maps used:
D:        linesprint

Skill      XL: |  1  2  3  4  5  6  7  8  9 10 |
---------------+-------------------------------+-----
Throwing       | 7 8 10 12 | 12.4
Fighting       | 12 13 | 13.0
Maces & Flails | 5 11 15 18 | 18.1
Dodging        | |  1.9
Stealth        | |  0.6

Action                   |  1- 3 |  4- 6 |  7- 9 | 10-12 || total
-------------------------+-------+-------+-------+-------++-------
Melee: Short sword       |     2 |    27 |     7 |       ||    36
       Dire flail        |       |       |    68 |    31 ||    99
Throw: Large rock        |    10 |     5 |    10 |       ||    25
       Throwing net      |       |     4 |       |       ||     4
       Javelin           |       |       |       |     7 ||     7
Invok: Berserk           |       |       |     3 |       ||     3
       Brothers in Arms  |       |       |       |     1 ||     1
Evoke: Wand              |       |     3 |     1 |       ||     4
  Use: Potion            |       |     6 |       |       ||     6
       Scroll            |       |       |       |     1 ||     1
 Stab: Sleeping          |     1 |       |       |       ||     1
  Eat: Bread ration      |       |       |     1 |       ||     1
Armor: Robe              |     1 |     7 |       |       ||     8
       Troll leather arm |       |       |    26 |     4 ||    30
Dodge: Dodged            |     8 |    35 |    45 |     7 ||    95
